Cogmind - Beta 14 @@@ ROGUE MODE // 2024.12.28 @ 07:46:38 Player: Fazzonamite Result: Destroyed by as-26908 with Assembled Heavy Rifle Performance ------------- Evolutions (0) 0 Regions Visited (2) 400 Robots Destroyed (23) 115 Value Destroyed (432) 432 Prototype IDs (0) 0 Alien Tech Used (0) 0 Bonus (0) 0 TOTAL SCORE: 947 Bonus ------- None Cogmind --------- Core Integrity 0/250 Matter 300/300 Energy 99/100 System Corruption 0% Temperature Cool (0) Movement Rolling (100) Location -10/Mines Parts ------- > --- POWER (1) -------- (None) > --- PROPULSION (2) --- Compact Wheel > --- UTILITY (2) ------ Propulsion Shielding > --- WEAPON (2) ------- (None) > --- INVENTORY (5) ---- Ion Engine Wheel Wheel Structural Scanner Peak State ------------ > --- POWER ------------ Ion Engine > --- PROPULSION ------- Compact Wheel Compact Wheel > --- UTILITY ---------- Large Storage Unit Seismic Detector > --- WEAPON ----------- Assault Rifle Light Assault Rifle > --- INVENTORY -------- Ion Engine Ion Engine Wheel Improved Heat Sink Small Storage Unit Weight Redist. System Structural Scanner Sensor Array Transport Network Coupler Propulsion Shielding Propulsion Shielding Light Armor Plating Hacking Suite Light Assault Rifle Mining Laser [Rating: 9] Favorites ----------- Power Ion Engine Engine Ion Engine Propulsion Wheel Wheel Wheel Utility Seismic Detector Device Seismic Detector Storage Large Storage Unit Protection Propulsion Shielding Weapon Light Assault Rifle Energy Gun Small Laser Ballistic Gun Light Assault Rifle Build | -11 -10 -10 ------- Run | Yrd Mat Min Slots Evolved . | . . . Power . | . . . Propulsion . | . . . Utility . | . . . Weapon . | . . . Parts Attached 18 | 6 10 2 Power 2 | 1 1 . Engine 2 | 1 1 . Core . | . . . Reactor . | . . . Propulsion 5 | 2 3 . Treads . | . . . Leg . | . . . Wheel 5 | 2 3 . Hover . | . . . Flight . | . . . Utility 4 | 1 2 1 Device 1 | 1 . . Storage 2 | . 2 . Processor . | . . . Hackware . | . . . Protection 1 | . . 1 Artifact . | . . . Weapon 7 | 2 4 1 Energy Gun 1 | 1 . . Energy Cannon . | . . . Ballistic Gun 6 | 1 4 1 Ballistic Cannon . | . . . Launcher . | . . . Special Weapon . | . . . Impact Weapon . | . . . Slashing Weapon . | . . . Piercing Weapon . | . . . Special Melee Weapon . | . . . Unidentified Prototypes . | . . . Parts Lost 6 | . 2 4 Power 1 | . . 1 Propulsion 3 | . 2 1 Utility . | . . . Weapon 2 | . . 2 Highest Loss Streak 4 | . 1 4 To Critical Strikes . | . . . Average Slot Usage (%) 96 | . 96 92 Engine 13 | . 14 12 Wheel 26 | . 26 26 Device 13 | . 14 12 Storage 12 | . 12 12 Energy Gun 3 | . 4 . Ballistic Gun 23 | . 23 24 Peak Build Rating 9 | 6 9 9 Average Rating 7 | 3 7 8 On Entrance 5 | . 6 9 Naked Turns . | . . . Heaviest Build 29 | 8 29 29 Greatest Support 32 | 20 32 32 Greatest Overweight (x) 2 | . 2 . Average Overweight (x) . | . . . Largest Inventory Capacity 15 | 5 15 15 Average Capacity 12 | 5 12 14 Most Carried 15 | 5 15 15 Average Carried 11 | 3 10 14 Final Capacity 15 | 5 15 5 Final Carried 15 | 4 15 4 Class Distribution -------------------- 100% | Mutant Dominant Class ---------------- Mutant | -10/Materials Mutant | -10/Mines Resources | -11 -10 -10 ----------- Run | Yrd Mat Min Matter Collected 526 | 228 274 24 Remotely . | . . . Salvage Created 659 | 22 625 12 Parts 59 | 2 54 3 Haulers Intercepted 2 | . 2 . Recyclers Shooed . | . . . Parts Field Recycled . | . . . Retrieved Matter . | . . . Parts Self-Destructed . | . . . Prevented . | . . . Kills | -11 -10 -10 ------- Run | Yrd Mat Min Combat Hostiles Destroyed 14 | . 14 . Guns 14 | . 14 . Classes Destroyed 7 | 1 6 . Builder 1 | . 1 . Tunneler 2 | 1 . 1 Hauler 2 | . 2 . Operator 1 | . 1 . Watcher 3 | . 3 . Swarmer 6 | . 6 . Grunt 8 | . 8 . Best Kill Streak 4 | 1 4 1 Combat Bots Only 3 | . 3 . Max Kills in Single Turn 1 | 1 1 1 Gunslinging . | . . . Exploded . | . . . Melee . | . . . Uniques/NPCs Destroyed . | . . . Combat | -11 -10 -10 -------- Run | Yrd Mat Min Hostile Shots Fired 96 | . 57 39 Missed 34 | . 16 18 Damage Taken 937 | . 508 429 Core 259 | . 84 175 Absorbed by Shields . | . . . Redirected to Shielding 3 | . . 3 Core Remaining (%) 100 | 100 . . Volleys Fired 78 | 3 71 4 Largest 2 | 2 2 2 Hottest 60 | 60 60 40 Shots Fired 155 | 6 141 8 Gun 155 | 6 141 8 Cannon . | . . . Launcher . | . . . Special . | . . . Kinetic 128 | 3 117 8 Thermal 27 | 3 24 . Explosive . | . . . Electromagnetic . | . . . Robot Hit Streak 14 | 1 14 2 Robot Miss Streak 5 | 1 5 2 Penetration Max . | . . . Secondary Targets . | . . . Shots Hit Robots 90 | 3 84 3 Core Hits 42 | 2 38 2 Critical Kills . | . . . Critical Parts Destroyed 2 | 1 1 . Critical Strikes 2 | 1 1 . Destroy 2 | 1 1 . Melee Attacks . | . . . Impact . | . . . Slashing . | . . . Piercing . | . . . Sneak Attacks . | . . . Combat Hostiles . | . . . Follow-up Attacks . | . . . Damage Inflicted 822 | 22 768 32 Guns 822 | 22 768 32 Cannons . | . . . Explosions . | . . . Melee . | . . . Ramming . | . . . Kinetic 682 | 22 628 32 Thermal 140 | . 140 . Explosive . | . . . Electromagnetic . | . . . Impact . | . . . Slashing . | . . . Piercing . | . . . Highest Corruption . | . . . Average Corruption . | . . . Corruption Purged . | . . . Corruption Blocked . | . . . Overload Shots . | . . . Overflow Damage . | . . . Projectiles . | . . . Explosions . | . . . Melee . | . . . Knockbacks . | . . . Impact . | . . . Kinetic . | . . . Secondary . | . . . Self-Inflicted Damage . | . . . Shots . | . . . Rammed . | . . . Targets Rammed . | . . . Kicked . | . . . Crushed . | . . . Highest Temperature 64 | 40 64 . Average Temperature 22 | 21 22 . Received Heat Transfer 235 | . 195 40 Siege Activations . | . . . Robots Corrupted . | . . . Combat Hostiles . | . . . Parts Fried . | . . . Impact Corruptions . | . . . Robots Melted . | . . . Combat Hostiles . | . . . Parts Melted . | . . . Heat Transferred 325 | . 325 . Parts Sabotaged . | . . . Parts Stolen . | . . . Parts Stripped . | . . . Power Chain Reactions . | . . . Alert | -11 -10 -10 ------- Run | Yrd Mat Min Peak Influence 312 | 5 312 65 Initial 45 | . 3 45 Average 144 | . 168 48 Maximum Alert Level 1 | . 1 . Low Security (%) 71 | 100 65 100 Level 1 28 | . 34 . Level 2 . | . . . Level 3 . | . . . Level 4 . | . . . Level 5 . | . . . High Security . | . . . Max Security . | . . . Squads Dispatched 2 | . 2 . Investigation 1 | . 1 . Extermination . | . . . Reinforcement 1 | . 1 . Assault . | . . . Garrison . | . . . Intercept . | . . . Searches Triggered . | . . . Construction Impeded . | . . . Haulers Reinforced . | . . . Active Scanning Responses . | . . . Cargo Convoy Interrupts . | . . . Stealth | -11 -10 -10 --------- Run | Yrd Mat Min Distress Signals . | . . . Communications Jammed . | . . . Distress Signals . | . . . Times Spotted 45 | . 23 22 Peak Tracking Total 17 | . 6 17 Tactical Retreats 1 | . 1 . Traps | -11 -10 -10 ------- Run | Yrd Mat Min Traps Triggered 2 | . 2 . Indirectly . | . . . Trap Hack Attempts . | . . . Triggered . | . . . Disarmed 6 | . 6 . Reprogrammed . | . . . Reused . | . . . Traps Extracted . | . . . Installed . | . . . Triggered . | . . . Machines | -11 -10 -10 ---------- Run | Yrd Mat Min Machines Disabled . | . . . Max in Single Turn . | . . . Machines Repaired . | . . . Machines Dismantled . | . . . Machines Sabotaged . | . . . Overloaded Fab Kills . | . . . Hacking | -11 -10 -10 --------- Run | Yrd Mat Min Machines Accessed 3 | . 3 . Terminals 3 | . 3 . Fabricators . | . . . Repair Stations . | . . . Recycling Units . | . . . Scanalyzers . | . . . Garrison Access . | . . . Total Hacks 8 | . 8 . Successful 4 | . 4 . Failed 4 | . 4 . Catastrophic . | . . . Database Lockouts . | . . . Manual 4 | . 4 . Terminals 8 | . 8 . Fabricators . | . . . Repair Stations . | . . . Recycling Units . | . . . Scanalyzers . | . . . Garrison Access . | . . . Terminal Hacks 3 | . 3 . Alert Level 1 | . 1 . Unreport Threat 1 | . 1 . Disarm Traps 1 | . 1 . Fabricator Hacks . | . . . Repair Station Hacks . | . . . Recycling Unit Hacks . | . . . Scanalyzer . | . . . Garrison Access Hacks . | . . . Unauthorized Hacks 1 | . 1 . Terminals 1 | . 1 . Botnet 1 | . 1 . Fabricators . | . . . Repair Stations . | . . . Recycling Units . | . . . Scanalyzers . | . . . Garrison Access . | . . . Data Cores Recovered . | . . . Used . | . . . Hacking Detections 2 | . 2 . Full Trace Events . | . . . Feedback Events . | . . . Feedback Blocked . | . . . Robot Schematics Acquired . | . . . Robots Built . | . . . Authchips . | . . . Time . | . . . Total Robot Build Rating . | . . . Part Schematics Acquired . | . . . Parts Built . | . . . Authchips . | . . . Time . | . . . Total Part Build Rating . | . . . Parts Repaired . | . . . Time . | . . . Parts Recycled . | . . . Recycled Matter . | . . . Retrieved Matter . | . . . Retrieved Components . | . . . Parts Scanalyzed . | . . . Part Schematics Acquired . | . . . Parts Damaged . | . . . Bothacking | -11 -10 -10 ------------ Run | Yrd Mat Min Used RIF Installer . | . . . Robots Hacked . | . . . Non-combat . | . . . Combat . | . . . Robot Hacks Applied . | . . . Relay Couplers Released . | . . . Fabnet Peak Effective % . | . . . Robots Rewired . | . . . Allies Hacked . | . . . Hacks Repelled . | . . . Allies | -11 -10 -10 -------- Run | Yrd Mat Min Total Allies . | . . . Largest Group . | . . . Highest-Rated Group . | . . . Highest-Rated Ally . | . . . Total Orders . | . . . Ally Attacks . | . . . Total Damage . | . . . Kills . | . . . Allies Corrupted . | . . . Allies Melted . | . . . Intel | -11 -10 -10 ------- Run | Yrd Mat Min Robot Analysis Total . | . . . Derelict Logs Recovered . | . . . Drone Launches . | . . . Drone Recoveries . | . . . Exploration | -11 -10 -10 ------------- Run | Yrd Mat Min Turns Passed 950 | 50 781 119 Spaces Moved 663 | 35 530 98 Core 9 | 9 . . Treads . | . . . Legs . | . . . Wheels 654 | 26 530 98 Hover . | . . . Flight . | . . . Fastest Speed 50 | 50 80 100 Average Speed 93 | 72 93 100 Slowest Speed 110 | 80 110 100 Overloaded Moves . | . . . Propulsion Burnouts . | . . . Robots Hopped . | . . . Cave-ins Triggered . | . . . Exploration Rate (%) 33 | 4 75 21 Regions Visited 2 Branch Regions 1 Pre-discovered Areas . | . . . Known Exits Taken . | . . . Unknown Exits Taken 2 | 1 1 . Scrap Searched . | . . . Spaces Dug . | . . . Terrain Destroyed . | . . . Melee . | . . . Projectile . | . . . AOE . | . . . Terrain Rammed . | . . . Walls Destroyed . | . . . Machines Disabled . | . . . Actions | -11 -10 -10 --------- Run | Yrd Mat Min Total 863 | 52 699 112 Wait 58 | 2 54 2 Move 661 | 34 529 98 Hop . | . . . Pick Up 31 | 7 22 2 Fast Attach 5 | 3 2 . Attach 5 | 3 2 . Detach . | . . . Swap 8 | . 6 2 Drop 17 | . 13 4 Fire 78 | 3 71 4 Melee . | . . . Ram . | . . . Kick . | . . . Crush . | . . . Escape Stasis . | . . . Rewire . | . . . Trap . | . . . Miscellaneous . | . . . Route ------- -11/Scrapyard -10/Materials (discovered 3 exits: [*Mat x2] / [*Min]) -10/Mines History --------- Turn | Location | Event 10 | -11/Scrapyard | Discovered new exit (range 16) 51 | -11/Scrapyard | Entered Materials 356 | -10/Materials | Build established: Mutant 482 | -10/Materials | Discovered new exit (range 7) 750 | -10/Materials | Discovered new exit (range 4) 774 | -10/Materials | Discovered new exit (range 12) 832 | -10/Materials | Entered Mines 905 | -10/Mines | Assembled infested the area 910 | -10/Mines | Assisted by a Guerilla fighting off Assembled 931 | -10/Mines | Core integrity fell below 50% 950 | -10/Mines | Core integrity fell below 20% 951 | -10/Mines | Destroyed by as-26908 with Assembled Heavy Rifle Last Messages --------------- 00939_ The unstable cave ceiling collapses. 00939_ U-05 Engineer lays Concrete. 00940_ The unstable cave ceiling collapses. 00940_ U-05 Engineer lays Concrete. 00942_ The unstable cave ceiling collapses. 00942_ U-05 Engineer lays Concrete. 00943_ Assault Rifle destroyed. 00943_ YB-LXE(h) destroyed. 00943_ Acquired 8 matter. 00944_ U-05 Engineer lays Concrete. 00945_ U-05 Engineer destroyed. 00945_ K-01 Serf collects debris. 00945_ as-80587 sneak attacks. 00947_ as-29022 sneak attacks. 00947_ R-06 Scavenger destroyed. 00947_ Ion Engine destroyed. 00948_ Com. Wheel destroyed. 00948_ K-01 Serf destroyed. 00949_ Dropped Lrg. Storage Unit. 00949_ Dropped Imp. Heat Sink. Map ----- +----------------------------------------------------+ | ?????????????????????????????????????????????????? | | ?????????????????????????????????????????????????? | | ?????????????????????????????????????????????????? | | ?????????????????????????????????????????????????? | | ?????????????????????????????????????????????????? | | ?????????????????????????????????????????????????? | | ?????????????????????????????????????????????????? | | ?????????????????????????????????????????????????? | | ??????????????????????????????????????#####??????? | | ?????????????????????????????????????# ???????? | | ?????????????????????#?????? ??????? ????????? | | ?????????????????????# ???? ??????? #????????? | | ?????????????????????#% ???# ??????? #????????? | | ????????????????????# = ??# #####?# #?????????? | | ????????????????????# ! ## ### ## #??????????? | | ??????????????????????? %#??????????? | | ???????????????????????????# ##?????????? | | ???????????????????????????# #?????????? | | ???????????????????????????# a # ###?????????? | | ???????????????????????????# #aa #??????????? | | ???????????????????????????# aa # #??????????? | | ???????????????????????????# ##??????????? | | ????????????????#?????????## aa ##???????????? | | ???????????????## #######! a | #???????????? | | ???????????????#; !!%%aa !%####???????????? | | ???????????????# % !@a!a%%[*= ##### #???????? | | ??????????????# #####!!=aa=! * #??? | | ????????????????????????##!! #%a% #########? ???? | | ?????????????????????????####### ##????????? #??? | | ????????????????????????????##### #?????????? #??? | | ????????????????????????????# #?????????? #?? | | ????????????????????????????# ### #####?????? ## ? | | ????????????????????????????# ## #?????? ?? | | ????????????????????????????# ## #????## #??? | | ????????????????????????????# ## """ #???## ##?? | | ????????????????????????????# """ ##### #?? | | ????????????????????????????# ## """ #?? | | ????????????????????####????# ## #?? | | ????????????????????# |###### ## """ ##### #?? | | ????????????????????##[ ! ## """ #??## #?? | | ?????????????????????########### """ #?## #?? | | ???????????????????????????????# #?# #?? | | ???????????????????????????????# #?# #?? | | ???????????????????????????????# #?## ##?? | | ???????????????????????????????########??## ##??? | | ??????????????????????????????????????????####???? | | ?????????????????????????????????????????????????? | | ?????????????????????????????????????????????????? | | | | | +----------------------------------------------------+ Best States ------------- Heat Dissipation 25 Energy Generation 10 Energy Capacity 250 Matter Stores 300 Matter Capacity 300 Sight Range 16 Terrain Scan Density 10 Propulsion Shielding 33 Evasion (%) 50 Item Schematics ----------------- None Robot Schematics ------------------ None Fabricated ------------ Nothing Alien Tech Used ----------------- None Achievements -------------- None Challenges ------------ None Game ------ Seed TeslaLinearDrivehammer Manual? 0 Play Time 00:27:57 Cumulative 101.5 hours Start 2024.12.28 @ 07:15:49 End 2024.12.28 @ 07:46:38 Sessions 1 Manual Loads 0 Difficulty Rogue Special Mode None Game No. 82 Rogue 82 Adventurer 0 Explorer 0 Win Type - Total 0 Types 0/0/0/0/0/0/0/0/0 Lore% 40 Gallery% 45 Achievement% 39 Wizard Run 0 Options --------- Layout 2 ASCII 0 Keyboard 0 Movement Mouse Keybinds 0 Fullscreen 1 Font 48/Smallcaps Map View 50x44 Zoom Use 0% Tactical HUD 1 Map Filters NONE Filters NONE Steam 1 RUN: fd9b9f73-3e65-4e31-b253-61326ffa8306